 Dungeon Crawl Stone Soup version 0.21.1-1-g345015fe64 (webtiles) character file.

65 Losbrottos the Chopper (level 3, 0/34 HPs)
             Began as a Minotaur Berserker on July 8, 2018.
             Was a Believer of Trog.
             Slain by JarielCorvus's ghost (7 damage)
             ... on level 3 of the Dungeon.
             The game lasted 00:18:43 (2697 turns).

Losbrottos the Chopper (Minotaur Berserker)         Turns: 2697, Time: 00:18:44

Health: 0/34       AC:  5    Str: 20 (22) XL:     3   Next: 94%
Magic:  2/2        EV: 11    Int:  2 (4)  God:    Trog [**....]
Gold:   98         SH:  0    Dex:  7 (9)  Spells: 2/2 levels left

rFire    . . .     SeeInvis .   l - +0 great sword
rCold    . . .     Gourm    .   (shield currently unavailable)
rNeg     . . .     Faith    .   i - +0 ring mail
rPois    .         Spirit   .   (helmet restricted)
rElec    .         Reflect  .   (no cloak)
rCorr    .         Harm     .   (no gloves)
MR       .....                  (no boots)
Stlth    ..........             (no amulet)
HPRegen  0.11/turn              (no ring)
MPRegen  0.08/turn              (no ring)

@: no status effects
A: retaliatory headbutt, horns 2
a: Berserk, Trog's Hand, Burn Spellbooks, Renounce Religion


You were on level 3 of the Dungeon.
You worshipped Trog.
Trog was pleased with you.
You were not hungry.

You visited 1 branch of the dungeon, and saw 3 of its levels.

You collected 98 gold pieces.

Inventory:

Hand Weapons
 a - a +0 hand axe
 f - a +0 spear
 k - a +0 mace
 l - a +0 great sword (weapon)
Missiles
 d - 3 tomahawks of returning (quivered)
 h - 79 stones
Armour
 b - a +0 animal skin
 i - a +0 ring mail (worn)
 j - a +0 robe
 o - a cursed +0 ring mail
 p - a +1 ring mail of magic resistance
Wands
 g - a wand of paralysis (16)
Scrolls
 e - 3 scrolls of remove curse
 s - a scroll of enchant weapon
Potions
 n - a potion of flight {unknown}
 t - a potion of curing {unknown}
Comestibles
 c - 3 rations


   Skills:
 + Level 4.5 Fighting
 + Level 4.7 Axes
 + Level 2.9 Armour
 + Level 2.4 Dodging


You had 2 spell levels left.
You didn't know any spells.

Dungeon Overview and Level Annotations

Branches:
Dungeon (3/15)

Altars:
Ru

Annotations:
D:3 JarielCorvus's ghost, amateur DsGl


Innate Abilities, Weirdness & Mutations

You reflexively headbutt those who attack you in melee.
You have a pair of horns on your head.


Message History

You barely miss JarielCorvus's ghost.
Your headbutt misses JarielCorvus's ghost.
JarielCorvus's ghost is moderately damaged.
JarielCorvus's ghost hits you! JarielCorvus's ghost barely misses you.
JarielCorvus's ghost misses you. JarielCorvus's ghost hits you.
JarielCorvus's ghost laughs, "And you think you're capable of finding the ORB?
I had it, you know.
Then I gave it away so I could steal it AGAIN."
You barely miss JarielCorvus's ghost.
JarielCorvus's ghost is moderately damaged.
JarielCorvus's ghost barely misses you.
You riposte.
You closely miss JarielCorvus's ghost.
JarielCorvus's ghost is moderately damaged.
JarielCorvus's ghost hits you.
* * * LOW HITPOINT WARNING * * *
Aiming: Paralyse
Press: ? - help, Shift-Dir - straight line, f - JarielCorvus's ghost
Aim: JarielCorvus's ghost (moderately damaged, chance to defeat MR: 28%) JarielCorvus's ghost easily resists.
JarielCorvus's ghost hits you!
You die...

#.##....# . ####.#######
#........# #.##.###.# #+#
#.##.# #.##### #.#
#.##.###.#...# #.#
#.##....g....# ##.#######
#.######W#...###.........
#.# #@##.###.....####.
#.######.##.# ##...#####.
#........##.#####.##.....
###########........).###.
#######.#### #. #.######.
#........ #.#######
#.##.....


You could see JarielCorvus's ghost and a hobgoblin.

Vanquished Creatures
  2 adders (D:2)
  2 worms (D:2)
  A ball python (D:1)
  2 giant cockroaches
  4 goblins
  2 hobgoblins (D:1)
  4 jackals (D:1)
  6 kobolds
  5 bats
  14 rats
42 creatures vanquished.

Notes
Turn   | Place    | Note
-------+----------+-------------------------------------------
     0 | D:1      | Losbrottos the Minotaur Berserker began the quest for the Orb.
     0 | D:1      | Reached XP level 1. HP: 19/19 MP: 0/0
   400 | D:1      | Reached XP level 2. HP: 22/27 MP: 1/1
  1119 | D:1      | You fall through a shaft!
  1140 | D:2      | Reached XP level 3. HP: 33/33 MP: 2/2
  1213 | D:2      | Found a sacrificial altar of Ru.
  2489 | D:3      | Reached ** piety under Trog
  2671 | D:3      | Noticed JarielCorvus's ghost (amateur DsGl)
  2697 | D:3      | Slain by JarielCorvus's ghost

Skill      XL: |  1  2 |
---------------+-------+-----
Fighting       | 4 |  4.5
Axes           | 4 |  4.7
Armour         | |  2.9
Dodging        | |  2.4

Action                   || total
-------------------------++-------
Melee: Hand axe          ||    57
       Headbutt          ||    10
       Spear             ||     3
       Great sword       ||    14
Throw: Tomahawk          ||     1
Evoke: Wand              ||     1
  Use: Scroll            ||     6
       Potion            ||     2
  Eat: Ration            ||     2
Armor: Ring mail         ||    30
       Animal skin       ||     1
Dodge: Dodged            ||    68
       Rpst.: Great sword ||     6
